TOP OF THE 1ST |
Boston Rebels batting - Pitching for Kalamazoo Royale with Cheese : LHP Salvador Castro
|
Pitching: LHP Salvador Castro
|
|
Batting: RHB Ángel Garza
|
0-0: Called Strike 0-1: Foul Ball, location: 2F 0-2: Ball 1-2: Ball 2-2: Foul Ball, location: 2F 2-2: Ball 3-2: Foul Ball, location: 2F 3-2: Foul Ball, location: 2F 3-2: Strikes out looking
|
Batting: RHB Ken McDonald
|
0-0: Foul Ball, location: 2F 0-1: Called Strike 0-2: Ball 1-2: Strikes out swinging
|
Batting: LHB Bill Wilson
|
0-0: Ball 1-0: Ball 2-0: Ball 3-0: Called Strike 3-1: Swinging Strike 3-2: Ground out 4-3 (Groundball, 4)
|
Top of the 1st over - 0 run(s), 0 hit(s), 0 error(s), 0 left on base; Boston 0 - Kalamazoo 0 |
BOTTOM OF THE 1ST |
Kalamazoo Royale with Cheese batting - Pitching for Boston Rebels : RHP Cris Rincón
|
Pitching: RHP Cris Rincón
|
|
Batting: LHB Javier Espinoza
|
0-0: Ball 1-0: Ball 2-0: Foul Ball, location: 2F 2-1: Ball 3-1: Foul Ball, location: 2F 3-2: Base on Balls
|
Batting: LHB Jacob Wright
|
0-0: Foul Ball, location: 2F 0-1: Ball 1-1: SINGLE (Line Drive, 34S) Javier Espinoza to second
|
Batting: LHB Tom Blake
|
0-0: Ball 1-0: Ball 2-0: Ball 3-0: Base on Balls Javier Espinoza to third Jacob Wright to second
|
Batting: LHB Donovan Bird
|
0-0: Called Strike 0-1: Ball 1-1: SINGLE (Flyball, 8RS) Javier Espinoza scores Jacob Wright to third Tom Blake to second
|
Batting: LHB Roberto Sandoval
|
0-0: Swinging Strike 0-1: Foul Ball, location: 2F 0-2: Ball 1-2: Fly out, F6 (Popup, 6D)
|
Batting: LHB Greg Schultz
|
0-0: Ball 1-0: Ball 2-0: Swinging Strike 2-1: Foul Ball, location: 2F 2-2: Ball 3-2: SINGLE (Line Drive, 9S) Jacob Wright scores Tom Blake to third Donovan Bird to second
|
Batting: LHB Bill McJannett
|
0-0: Ball 1-0: Ball 2-0: Foul Ball, location: 2F 2-1: Ball 3-1: Foul Ball, location: 2F 3-2: Foul Ball, location: 2F 3-2: Foul Ball, location: 2F 3-2: Base on Balls Tom Blake scores Donovan Bird to third Greg Schultz to second
|
Batting: RHB Jorge Márquez
|
0-0: Ball 1-0: Grounds into double play, 3-6-3 (Groundball, 34)
|
Bottom of the 1st over - 3 run(s), 3 hit(s), 0 error(s), 2 left on base; Boston 0 - Kalamazoo 3 |
TOP OF THE 2ND |
Boston Rebels batting - Pitching for Kalamazoo Royale with Cheese : LHP Salvador Castro
|
Batting: RHB John Mendelson
|
0-0: Foul Ball, location: 2F 0-1: Swinging Strike 0-2: Strikes out swinging
|
Batting: LHB Miguel Rivería
|
0-0: Ball 1-0: Ball 2-0: Foul Ball, location: 2F 2-1: Swinging Strike 2-2: Ball 3-2: Ground out 3-1 (Groundball, 34S)
|
Batting: LHB Frank Jackson
|
0-0: Ball 1-0: Ball 2-0: Foul Ball, location: 2F 2-1: Foul Ball, location: 2F 2-2: Strikes out swinging
|
Top of the 2nd over - 0 run(s), 0 hit(s), 0 error(s), 0 left on base; Boston 0 - Kalamazoo 3 |
BOTTOM OF THE 2ND |
Kalamazoo Royale with Cheese batting - Pitching for Boston Rebels : RHP Cris Rincón
|
Batting: SHB Caden Keith
|
0-0: Ball 1-0: Swinging Strike 1-1: Ball 2-1: Foul Ball, location: 2F 2-2: Ball 3-2: Foul Ball, location: 2F 3-2: Foul Ball, location: 2F 3-2: Foul Ball, location: 2F 3-2: Foul Ball, location: 2F 3-2: Base on Balls
|
Batting: LHB Javier Espinoza
|
0-0: Called Strike 0-1: Foul Ball, location: 2F 0-2: Ball 1-2: SINGLE (Groundball, 34D) Caden Keith to second Runner from 2nd tries for 3rd, SAFE, throw made to third
|
Batting: LHB Jacob Wright
|
0-0: Ball 1-0: Called Strike 1-1: Called Strike 1-2: Ball 2-2: Strikes out swinging
|
Batting: LHB Tom Blake
|
0-0: Ball 1-0: Called Strike 1-1: Foul Ball, location: 2F 1-2: Foul Ball, location: 2F 1-2: Foul Ball, location: 2F 1-2: Foul Ball, location: 2F 1-2: Ball 2-2: SINGLE (Groundball, 6MD) Caden Keith scores Javier Espinoza to second
|
Batting: LHB Donovan Bird
|
0-0: Ball 1-0: Ball 2-0: Foul Ball, location: 2F 2-1: Foul Ball, location: 2F 2-2: Ball 3-2: Foul Ball, location: 2F 3-2: Strikes out swinging Throwing error on steal attempt, E2 Javier Espinoza scores Tom Blake to third
|
Batting: LHB Roberto Sandoval
|
0-0: Ball 1-0: Fly out, F9 (Flyball, 9S)
|
Bottom of the 2nd over - 2 run(s), 2 hit(s), 1 error(s), 1 left on base; Boston 0 - Kalamazoo 5 |
TOP OF THE 3RD |
Boston Rebels batting - Pitching for Kalamazoo Royale with Cheese : LHP Salvador Castro
|
Batting: RHB Roberto Chávez
|
0-0: Ball 1-0: SINGLE (Line Drive, 78M)
|
Batting: LHB Arturo Molina
|
0-0: Ball 1-0: Foul Ball, location: 2F 1-1: Ball 2-1: Foul Ball, location: 2F 2-2: Strikes out looking
|
Batting: RHB Aaron Washington
|
0-0: Ball Roberto Chávez is caught stealing 2nd base 1-0: Called Strike 1-1: Called Strike 1-2: Ball 2-2: Strikes out looking
|
Top of the 3rd over - 0 run(s), 1 hit(s), 0 error(s), 0 left on base; Boston 0 - Kalamazoo 5 |
BOTTOM OF THE 3RD |
Kalamazoo Royale with Cheese batting - Pitching for Boston Rebels : RHP Cris Rincón
|
Batting: LHB Greg Schultz
|
0-0: Ball 1-0: Ground out 4-3 (Groundball, 4)
|
Batting: LHB Bill McJannett
|
0-0: SINGLE (Groundball, 6M) (infield hit)
|
Batting: RHB Jorge Márquez
|
0-0: Ball 1-0: Ball 2-0: Foul Ball, location: 2F 2-1: Called Strike 2-2: Foul Ball, location: 2F 2-2: SINGLE (Flyball, 9LS) Bill McJannett to second Runner from 2nd tries for 3rd, SAFE, no throw
|
Batting: SHB Caden Keith
|
0-0: Foul Ball, location: 2F 0-1: Foul Ball, location: 2F 0-2: Ball 1-2: Foul Ball, location: 2F 1-2: Fly out, F9 (Line Drive, 9D) Runner from 3rd tags up, SCORES, no throw
|
Pitching: RHP Fernando Silva
|
|
Batting: LHB Javier Espinoza
|
0-0: SINGLE (Groundball, 4MS) (infield hit) Jorge Márquez to second
|
Batting: LHB Jacob Wright
|
0-0: Called Strike 0-1: Ball 1-1: Ball 2-1: Swinging Strike 2-2: Foul Ball, location: 2F 2-2: Foul Ball, location: 2F 2-2: Ball 3-2: Base on Balls Jorge Márquez to third Javier Espinoza to second
|
Batting: LHB Tom Blake
|
0-0: Ball 1-0: Called Strike 1-1: Ball 2-1: Fielders Choice at 2nd, 4-6 (Groundball, 4)
|
Bottom of the 3rd over - 1 run(s), 3 hit(s), 0 error(s), 2 left on base; Boston 0 - Kalamazoo 6 |
TOP OF THE 4TH |
Boston Rebels batting - Pitching for Kalamazoo Royale with Cheese : LHP Salvador Castro
|
Batting: RHB Ángel Garza
|
0-0: Ground out 1-3 (Groundball, 15S)
|
Batting: RHB Ken McDonald
|
0-0: Ball 1-0: Ball 2-0: Fly out, F4 (Flyball, 34D)
|
Batting: LHB Bill Wilson
|
0-0: Ball 1-0: Swinging Strike 1-1: Ground out 6-3 (Groundball, 6)
|
Top of the 4th over - 0 run(s), 0 hit(s), 0 error(s), 0 left on base; Boston 0 - Kalamazoo 6 |
BOTTOM OF THE 4TH |
Kalamazoo Royale with Cheese batting - Pitching for Boston Rebels : RHP Fernando Silva
|
Batting: LHB Donovan Bird
|
0-0: Called Strike 0-1: Called Strike 0-2: Foul Ball, location: 2F 0-2: Ball 1-2: Ground out 4-3 (Groundball, 4)
|
Batting: LHB Roberto Sandoval
|
0-0: Ball 1-0: Fly out, F3 (Popup, 3S)
|
Batting: LHB Greg Schultz
|
0-0: Called Strike 0-1: Ball 1-1: Ball 2-1: Foul Ball, location: 2F 2-2: Ball 3-2: Fly out, F4 (Line Drive, 4)
|
Bottom of the 4th over - 0 run(s), 0 hit(s), 0 error(s), 0 left on base; Boston 0 - Kalamazoo 6 |
TOP OF THE 5TH |
Boston Rebels batting - Pitching for Kalamazoo Royale with Cheese : LHP Salvador Castro
|
Batting: RHB John Mendelson
|
0-0: Ground out 5-3 (Groundball, 56)
|
Batting: LHB Miguel Rivería
|
0-0: Ball 1-0: Ball 2-0: Ball 3-0: Called Strike 3-1: Base on Balls
|
Batting: LHB Frank Jackson
|
0-0: Foul Ball, location: 2F 0-1: Ball 1-1: Foul Ball, location: 2F 1-2: Foul Ball, location: 2F 1-2: Ball 2-2: Foul Ball, location: 2F 2-2: Fly out, F3 (Popup, 3S)
|
Batting: RHB Roberto Chávez
|
0-0: Ball 1-0: Ball 2-0: Called Strike 2-1: Foul Ball, location: 2F 2-2: Strikes out swinging
|
Top of the 5th over - 0 run(s), 0 hit(s), 0 error(s), 1 left on base; Boston 0 - Kalamazoo 6 |
BOTTOM OF THE 5TH |
Kalamazoo Royale with Cheese batting - Pitching for Boston Rebels : RHP Fernando Silva
|
Batting: LHB Bill McJannett
|
0-0: Ball 1-0: SINGLE (Flyball, 8RS)
|
Batting: RHB Jorge Márquez
|
0-0: Called Strike 0-1: Ball 1-1: Foul Ball, location: 2F 1-2: Ball 2-2: Strikes out swinging
|
Batting: SHB Caden Keith
|
0-0: Called Strike 0-1: Ball 1-1: Foul Ball, location: 2F 1-2: Ball 2-2: Fly out, F7 (Flyball, 7)
|
Batting: LHB Javier Espinoza
|
0-0: Ball 1-0: Foul Ball, location: 2F 1-1: Foul Ball, location: 2F 1-2: Ball 2-2: Fly out, F7 (Line Drive, 7)
|
Bottom of the 5th over - 0 run(s), 1 hit(s), 0 error(s), 1 left on base; Boston 0 - Kalamazoo 6 |
TOP OF THE 6TH |
Boston Rebels batting - Pitching for Kalamazoo Royale with Cheese : LHP Salvador Castro
|
Batting: LHB Arturo Molina
|
0-0: Fly out, F6 (Popup, 6S)
|
Batting: RHB Aaron Washington
|
0-0: Ball 1-0: Fly out, F8 (Flyball, 8RXD)
|
Batting: RHB Ángel Garza
|
0-0: Ball 1-0: Fly out, F4 (Popup, 4D)
|
Top of the 6th over - 0 run(s), 0 hit(s), 0 error(s), 0 left on base; Boston 0 - Kalamazoo 6 |
BOTTOM OF THE 6TH |
Kalamazoo Royale with Cheese batting - Pitching for Boston Rebels : RHP Fernando Silva
|
Batting: LHB Jacob Wright
|
0-0: Ball 1-0: Ball 2-0: Called Strike 2-1: Called Strike 2-2: Foul Ball, location: 2F 2-2: Ball 3-2: Foul Ball, location: 2F 3-2: Foul Ball, location: 2F 3-2: Foul Ball, location: 2F 3-2: Foul Ball, location: 2F 3-2: Fly out, F9 (Flyball, 9D)
|
Pitching: RHP Jonathan Booker
|
|
Batting: LHB Tom Blake
|
0-0: Fly out, F7 (Flyball, 7S)
|
Batting: LHB Donovan Bird
|
0-0: Ball 1-0: Foul Ball, location: 2F 1-1: Ball 2-1: Ball 3-1: Foul Ball, location: 2F 3-2: Strikes out looking
|
Bottom of the 6th over - 0 run(s), 0 hit(s), 0 error(s), 0 left on base; Boston 0 - Kalamazoo 6 |
TOP OF THE 7TH |
Boston Rebels batting - Pitching for Kalamazoo Royale with Cheese : LHP Salvador Castro
|
Batting: RHB Ken McDonald
|
0-0: Ball 1-0: Ball 2-0: Foul Ball, location: 2F 2-1: Called Strike 2-2: Strikes out swinging
|
Batting: LHB Bill Wilson
|
0-0: Called Strike 0-1: Swinging Strike 0-2: Foul Ball, location: 2F 0-2: Strikes out swinging
|
Batting: RHB John Mendelson
|
0-0: Called Strike 0-1: Ball 1-1: Ball 2-1: Ball 3-1: Foul Ball, location: 2F 3-2: Fly out, F8 (Flyball, 8RS)
|
Top of the 7th over - 0 run(s), 0 hit(s), 0 error(s), 0 left on base; Boston 0 - Kalamazoo 6 |
BOTTOM OF THE 7TH |
Kalamazoo Royale with Cheese batting - Pitching for Boston Rebels : RHP Jonathan Booker
|
Batting: LHB Roberto Sandoval
|
0-0: Ball 1-0: Ground out 4-3 (Groundball, 34D)
|
Batting: LHB Greg Schultz
|
0-0: Swinging Strike 0-1: Swinging Strike 0-2: Ball 1-2: Ground out 4-3 (Groundball, 4)
|
Batting: LHB Bill McJannett
|
0-0: Called Strike 0-1: Ball 1-1: Fly out, F8 (Line Drive, 8LD)
|
Bottom of the 7th over - 0 run(s), 0 hit(s), 0 error(s), 0 left on base; Boston 0 - Kalamazoo 6 |
TOP OF THE 8TH |
Boston Rebels batting - Pitching for Kalamazoo Royale with Cheese : LHP Salvador Castro
|
Pitching: RHP José Ruíz
|
|
Batting: LHB Miguel Rivería
|
0-0: Called Strike 0-1: Foul Ball, location: 2F 0-2: Ball 1-2: DOUBLE (Flyball, 89XD)
|
Batting: LHB Frank Jackson
|
0-0: Called Strike 0-1: Ball 1-1: Foul Ball, location: 2F 1-2: Ground out U3 (Groundball, 3) Miguel Rivería to third
|
Batting: RHB Roberto Chávez
|
0-0: Called Strike 0-1: Fly out, F8 (Flyball, 89M)
|
Batting: LHB Arturo Molina
|
0-0: Called Strike 0-1: Ball 1-1: Ball 2-1: Foul Ball, location: 2F 2-2: Ball 3-2: Foul Ball, location: 2F 3-2: 2-RUN HOME RUN (Flyball, 9LD), Distance : 363 ft
|
Batting: RHB Aaron Washington
|
0-0: Called Strike 0-1: Ball 1-1: Fly out, F9 (Flyball, 9S)
|
Top of the 8th over - 2 run(s), 2 hit(s), 0 error(s), 0 left on base; Boston 2 - Kalamazoo 6 |
BOTTOM OF THE 8TH |
Kalamazoo Royale with Cheese batting - Pitching for Boston Rebels : RHP Jonathan Booker
|
Batting: RHB Jorge Márquez
|
0-0: Ball 1-0: Called Strike 1-1: Ball 2-1: Ball 3-1: Base on Balls
|
Batting: SHB Caden Keith
|
0-0: Called Strike 0-1: Swinging Strike 0-2: Ball 1-2: Ball 2-2: Ball 3-2: Foul Ball, location: 2F 3-2: Foul Ball, location: 2F 3-2: Base on Balls Jorge Márquez to second
|
Batting: LHB Javier Espinoza
|
0-0: Ball 1-0: Called Strike 1-1: Ball Wild Pitch! Jorge Márquez to third Caden Keith to second 2-1: DOUBLE (Line Drive, 8LD) Jorge Márquez scores Caden Keith scores
|
Batting: LHB Jacob Wright
|
0-0: Ground out 4-3 (Groundball, 4) Javier Espinoza to third
|
Batting: LHB Tom Blake
|
0-0: Ball 1-0: Ground out U3 (Groundball, 3L)
|
Batting: LHB Donovan Bird
|
0-0: Ball 1-0: Called Strike 1-1: 2-RUN HOME RUN (Flyball, 89XD), Distance : 429 ft
|
Batting: LHB Roberto Sandoval
|
0-0: Called Strike 0-1: Ball 1-1: Called Strike 1-2: Ball 2-2: SINGLE (Groundball, 4MD)
|
Pitching: RHP Ki-tong Shiu
|
|
Batting: LHB Greg Schultz
|
0-0: Ball 1-0: Swinging Strike 1-1: Called Strike 1-2: Foul Ball, location: 2F 1-2: Foul Ball, location: 2F 1-2: Strikes out looking
|
Bottom of the 8th over - 4 run(s), 3 hit(s), 0 error(s), 1 left on base; Boston 2 - Kalamazoo 10 |
TOP OF THE 9TH |
Boston Rebels batting - Pitching for Kalamazoo Royale with Cheese : RHP José Ruíz
|
Batting: RHB Ángel Garza
|
0-0: Ball 1-0: Fly out, F8 (Flyball, 89S)
|
Batting: RHB Ken McDonald
|
0-0: Ball 1-0: Ball 2-0: Ball 3-0: Foul Ball, location: 2F 3-1: Fly out, F2 (Popup, 5S)
|
Batting: LHB Bill Wilson
|
0-0: Called Strike 0-1: Foul Ball, location: 2F 0-2: Ball 1-2: Ball 2-2: Foul Ball, location: 2F 2-2: Foul Ball, location: 2F 2-2: Ground out 4-3 (Groundball, 4)
|
Top of the 9th over - 0 run(s), 0 hit(s), 0 error(s), 0 left on base; Boston 2 - Kalamazoo 10 |
|